[Event "*** Titled Tuesday Blitz"]
[Site "Chess.com"]
[Date "2020.10.20"]
[Round "2"]
[White "11kevin"]
[Black "MITerryble"]
[Result "0-1"]
[WhiteElo "2577"]
[BlackElo "2898"]
[TimeControl "180+1"]
[EndTime "10:20:51 PDT"]
[Termination "MITerryble won by checkmate"]

1. d4 e6 2. c4 Bb4+ 3. Bd2 Qe7 4. Nf3 Nf6 5. Nc3 O-O 6. g3 d6 7. Bg2 Bxc3 8. Bxc3 Ne4 9. Qc2 f5 10. O-O Nxc3 11.
Qxc3 Nd7 12. Rac1 Nf6 13. c5 Nd5 14. Qa3 Bd7 15. cxd6 cxd6 16. Nd2 Bc6 17. Nc4 Rfd8 18. Na5 Bb5 19. Rfe1 Qf7 20. Qb3 Ba6 21. e3 Rac8 22.
Qa3 Qd7 23. Qb3 Qf7 24. Rc2 Rxc2 25. Qxc2 b6 26. Nc6 Rc8 27. Qa4 Bb7 28. Bxd5 exd5 29. Nb4 a5 30. Nd3 Ba6 31. Nf4 g5 32. Ng2 h6 33. Qb3 Rc6 34. a3 Kg7 35. h4 Qe6 36.
hxg5 hxg5 37. f3 Kf6 38. e4 Bc4 39. Qe3 dxe4 40. fxe4 Qxe4 41. Qxe4 fxe4 42. Rxe4 Bd5 43. Re2 Rc1+ 44. Kf2 Bc4 45. Rd2 Rf1+ 46. Ke3 Kf5 47.
d5 Ke5 48. Rd4 Bxd5 49. Rd2 Rf3+ 50. Ke2 Rxg3 51. Ne3 Be6 52. Kf2 Rh3 53. Nf1 Rh4 54. Kg3 Rg4+ 55. Kf3 Rf4+ 56. Kg2 d5 57. Ne3 d4 58.
Nc2 Rg4+ 59. Kf3 Rf4+ 60. Kg3 Bf5 61. Ne1 Be4 62. Re2 Kd5 63. Rd2 d3 64. Nxd3 Rf3+ 65. Kg4 Rxd3 66. Rf2 Rb3 67. Kxg5 a4 68. Kf4 b5 69.
Rd2+ Bd3 70. Ke3 Kc4 71. Kf4 Bg6 72. Ke5 Re3+ 73. Kd6 Rd3+ 74. Rxd3 Bxd3 75. Ke5 Kb3 76. Kd4 Bc4 77. Kc5 Kxb2 78. Kb4 Ka2 79. Kc3 Kxa3 80. Kc2 Ka2 81. Kc1 Bb3 82. Kd2 Kb2 83. Kd3 a3 84. Kd4 a2 85. Kc5 a1=Q 86. Kb4 Qa4+ 87. Kc5 Qc4+ 88.
Kb6 b4 89. Ka5 Qc5+ 90. Ka6 Bc4+ 91. Kb7 Bb5 92. Ka8 Qe7 93. Kb8 Ba6 94. Ka8 Qb7# 0-1

[Event "*** Titled Tuesday Blitz"]
[Site "Chess.com"]
[Date "2020.10.20"]
[Round "2"]
[White "BJthechessgod"]
[Black "Vyacheslav_N"]
[Result "1/2-1/2"]
[WhiteElo "2208"]
[BlackElo "2403"]
[TimeControl "180+1"]
[EndTime "10:21:25 PDT"]
[Termination "Game drawn by 50-move rule"]

1. e4 c5 2. Nf3 d6 3. Bb5+ Nd7 4. Ba4 a6 5. c3 b5 6. Bc2 c4 7. O-O e5 8. b3 Qc7 9. a4 Bb7 10.
Qe2 cxb3 11. Bxb3 Nc5 12. Bc2 bxa4 13. d4 Nb3 14. Bxb3 axb3 15. dxe5 dxe5 16. Bg5 Be7 17. Nbd2 Nf6 18. Nxb3 Qxc3 19. Na5 Bxe4 20. Bxf6 Bxf3 21. Qxe5 Qxe5 22. Bxe5 Bd5 23. Rfd1 Be4 24. Nc4 O-O 25. Bd6 Rfe8 26. Nb6 Ra7 27. Bxe7 Raxe7 28. Rxa6 Bc2 29. Rf1 Bd3 30. Raa1 Bxf1 31. Kxf1 f6 32. Nd5 Rd7 33. Ne3 g6 34. Ke2 f5 35. Kf3 Rd4 36. g3 h5 37.
h4 Re7 38. Ng2 Kg7 39. Nf4 Rd6 40. Ra5 Re4 41. Ra7+ Kf6 42. Ra5 Rc4 43. Rb5 Rc3+ 44. Kg2 Rc2 45. Nd5+ Ke6 46. Nf4+ Kd7 47. Kf3 Rdd2 48.
Nh3 Rc3+ 49. Kf4 Rd4+ 50. Kg5 Rg4+ 51. Kf6 Rf3 52. Rb7+ Kd6 53. Rg7 Kc5 54. Rxg6 Kd4 55. Rg5 Ke4 56. Rxh5 f4 57. Ng5+ Rxg5 58. hxg5 fxg3+ 59. Ke6 g2 60. Rh4+ Rf4 61. f3+ Kxf3 62. Rh3+ Kf2 63.
Rh2 Rg4 64. Kf6 Kf3 65. g6 g1=Q 66. Rh3+ Ke4 67. Rh6 Qf2+ 68. Kg7 Rf4 69. Kh7 Rf7+ 70. g7 Rxg7+ 71. Kxg7 Qf5 72. Rf6 Qg5+ 73. Rg6 Qe5+ 74. Kf7 Kf5 75. Rh6 Qd5+ 76. Ke7 Qc5+ 77. Kf7 Qc7+ 78.
Kf8 Kg5 79. Re6 Qc5+ 80. Kf7 Qf5+ 81. Ke7 Qh7+ 82. Kd6 Kf5 83. Re5+ Kf6 84. Re6+ Kf5 85. Re5+ Kf4 86. Rb5 Qg6+ 87. Kc5 Ke4 88. Kc4 Qc6+ 89. Rc5 Qa4+ 90. Kc3 Qa3+ 91. Kc4 Qd3+ 92. Kb4 Qd2+ 93. Kc4 Qc2+ 94. Kb4 Qa2 95. Rb5 Kd4 96. Rh5 Qc4+ 97. Ka5 Qb3 98. Rh4+ Kd5 99. Rh5+ Ke6 100. Rh4 Qa3+ 101. Kb5 Qb2+ 102. Rb4 Qe2+ 103. Ka4 Kd6 104. Rb5 Kc6 105. Rb4 Qa6+ 106. Kb3 Qd3+ 107. Kb2 Kc5 108. Rb3 Qd2+ 109.
Ka3 Kc4 110. Rb7 Qc1+ 111. Ka2 Qc2+ 112. Ka1 Qa4+ 113. Kb2 Qc6 114. Rb3 Qg2+ 115. Ka3 Qa8+ 116. Kb2 Qg2+ 117. Ka3 Qc2 118. Rb4+ Kc3 119. Rb7 Qc1+ 120. Ka2 Qd2+ 121. Ka3 1/2-1/2

[Event "*** Titled Tuesday Blitz"]
[Site "Chess.com"]
[Date "2020.10.20"]
[Round "3"]
[White "MatyChess1"]
[Black "infinitegiantkiller"]
[Result "1-0"]
[WhiteElo "2550"]
[BlackElo "2351"]
[TimeControl "180+1"]
[EndTime "10:23:07 PDT"]
[Termination "MatyChess1 won by resignation"]

1. e4 e6 2. d4 d5 3. Nc3 Nf6 4. e5 Nfd7 5. Nce2 c5 6. c3 Nc6 7. Nf3 f5 8. Nf4 Nb6 9. h4 Be7 10. Ng5 Bxg5 11. hxg5 Qe7 12. Ng6 Qf7 13. Nxh8 Qg8 14.
Qh5+ 1-0

[Event "*** Titled Tuesday Blitz"]
[Site "Chess.com"]
[Date "2020.10.20"]
[Round "3"]
[White "GOGIEFF"]
[Black "Kildepiotr"]
[Result "1-0"]
[WhiteElo "2885"]
[BlackElo "2658"]
[TimeControl "180+1"]
[EndTime "10:23:55 PDT"]
[Termination "GOGIEFF won by resignation"]

1. d4 c5 2. d5 e5 3. Nc3 d6 4. e4 Be7 5. Nf3 a6 6. h3 b5 7. a4 b4 8. Ne2 f5 9. exf5 Bxf5 10. Ng3 Bg6 11. Bd3 Bxd3 12. Qxd3 Nf6 13. Ng5 Qc8 14. Ne6 Kf7 15. O-O Nbd7 16. f4 Re8 17. fxe5 Nxe5 18.
Qxh7 1-0

[Event "*** Titled Tuesday Blitz"]
[Site "Chess.com"]
[Date "2020.10.20"]
[Round "3"]
[White "dretch"]
[Black "killer311"]
[Result "1-0"]
[WhiteElo "2805"]
[BlackElo "2422"]
[TimeControl "180+1"]
[EndTime "10:24:12 PDT"]
[Termination "dretch won by resignation"]

1. d4 d5 2. c4 c6 3. Nc3 Nf6 4. e3 e6 5. Bd3 dxc4 6. Bxc4 b5 7.
Bd3 Bb7 8. e4 Nbd7 9. e5 Nd5 10.
Nxd5 cxd5 11. Nf3 a6 12. O-O Be7 13. Be3 h5 14. Qd2 h4 15. Ng5 h3 16. Nxh3 Qb6 17. Ng5 Rc8 18. f4 Qd8 19. f5 exf5 20. Bxf5 Nb6 21.
Nxf7 Nc4 22. Qf2 Nxe3 23. Nxd8 Nxf1 24. Nxb7 1-0

[Event "*** Titled Tuesday Blitz"]
[Site "Chess.com"]
[Date "2020.10.20"]
[Round "3"]
[White "Bwert2602"]
[Black "Nayemhaque22"]
[Result "1-0"]
[WhiteElo "2305"]
[BlackElo "2298"]
[TimeControl "180+1"]
[EndTime "10:24:21 PDT"]
[Termination "Bwert2602 won by checkmate"]

1. e4 c5 2. Nf3 Nc6 3. Bb5 g6 4.
O-O Bg7 5. Re1 e5 6. c3 Nge7 7. d4 cxd4 8. cxd4 exd4 9. Bf4 O-O 10. Bd6 Re8 11. Na3 a6 12. Bc4 b5 13. Bxf7+ Kxf7 14. Qb3+ Kf6 15. e5+ Kf5 16. Qf7+ Kg4 17. h3+ Kh5 18.
Qxg7 Rh8 19. g4# 1-0

[Event "*** Titled Tuesday Blitz"]
[Site "Chess.com"]
[Date "2020.10.20"]
[Round "3"]
[White "Illingworth"]
[Black "manitodeplomo"]
[Result "1-0"]
[WhiteElo "2908"]
[BlackElo "2678"]
[TimeControl "180+1"]
[EndTime "10:24:28 PDT"]
[Termination "Illingworth won by resignation"]

1. d4 g6 2. e4 Bg7 3. Nf3 c5 4. dxc5 Nf6 5. Nc3 Qa5 6. e5 Ng4 7. Qd4 h5 8. b4 Nc6 9. bxa5 Nxd4 10. Nxd4 Bxe5 11. Nde2 Nxh2 12. f4 Bxc3+ 13. Nxc3 Ng4 14.
Nd5 Kd8 15. Be2 f5 16. Bb2 Re8 17. Bxg4 fxg4 18. O-O-O d6 19. Rhe1 Bf5 20. cxd6 exd6 21. Rxe8+ Kxe8 22. Nc7+ 1-0

[Event "*** Titled Tuesday Blitz"]
[Site "Chess.com"]
[Date "2020.10.20"]
[Round "3"]
[White "Eliwood44"]
[Black "TrenerChos"]
[Result "1-0"]
[WhiteElo "2440"]
[BlackElo "2189"]
[TimeControl "180+1"]
[EndTime "10:24:51 PDT"]
[Termination "Eliwood44 won by resignation"]

1. d4 Nf6 2. Nf3 e6 3. e3 d5 4. Bd3 c5 5. O-O c4 6. Be2 Nc6 7. b3 b5 8. a4 bxa4 9. bxc4 Qa5 10. cxd5 exd5 11. c4 Bd7 12. c5 Nb4 13. Bd2 Ne4 14. Be1 Rb8 15. Ne5 Bb5 16. Bxb5+ Qxb5 17. Bxb4 Qxb4 18.
Nc6 Qb2 19. Qxa4 Rb5 20. Nxa7 1-0

[Event "*** Titled Tuesday Blitz"]
[Site "Chess.com"]
[Date "2020.10.20"]
[Round "3"]
[White "eCztery"]
[Black "thedjoker98"]
[Result "1-0"]
[WhiteElo "2259"]
[BlackElo "2563"]
[TimeControl "180+1"]
[EndTime "10:24:54 PDT"]
[Termination "eCztery won by resignation"]

1. e4 e5 2. Nf3 Nc6 3. d4 exd4 4.
Bc4 Nf6 5. O-O Nxe4 6. Nc3 dxc3 7. Bxf7+ Kxf7 8. Qd5+ Ke8 9. Re1 Ne7 10. Rxe4 c6 11.
Qd6 cxb2 12. Bxb2 Qb6 13. Rae1 1-0

[Event "*** Titled Tuesday Blitz"]
[Site "Chess.com"]
[Date "2020.10.20"]
[Round "3"]
[White "1stSecond"]
[Black "WuinaterJr"]
[Result "1-0"]
[WhiteElo "2772"]
[BlackElo "2503"]
[TimeControl "180+1"]
[EndTime "10:24:56 PDT"]
[Termination "1stSecond won by resignation"]

1. c4 c5 2. Nf3 Nc6 3. d4 cxd4 4. Nxd4 Nf6 5. Nc3 e6 6. a3 Be7 7. e4 O-O 8. Be3 b6 9. Nxc6 dxc6 10. e5 Nd7 11. f4 Bc5 12. Qf3 Bxe3 13. Qxe3 c5 14. Qe4 Rb8 15. Bd3 g6 16. O-O Bb7 17. Qe3 Qe7 18.
Rad1 Rfd8 19. Be4 Nf8 20. Bxb7 Rxb7 21. Ne4 Rbd7 22. Nf6+ Kg7 23. Nxd7 Rxd7 24. Qf3 h5 25. Rxd7 Nxd7 26. Rd1 Nf8 27. g3 h4 28. g4 Qc7 29.
g5 1-0

[Event "*** Titled Tuesday Blitz"]
[Site "Chess.com"]
[Date "2020.10.20"]
[Round "3"]
[White "MF1966Idrisov"]
[Black "Semetey"]
[Result "0-1"]
[WhiteElo "2333"]
[BlackElo "2527"]
[TimeControl "180+1"]
[EndTime "10:25:03 PDT"]
[Termination "Semetey won by resignation"]

1. Nf3 Nf6 2. b3 g6 3. Bb2 Bg7 4. c4 O-O 5. g3 c6 6. Bg2 d5 7.
O-O a5 8. a3 a4 9. b4 dxc4 10. Ne5 Be6 11. Qc1 Nbd7 12. Nxc4 Rc8 13. d4 Bd5 14. Rd1 Bxg2 15. Kxg2 Ne4 16. Nc3 Nxc3 17.
Bxc3 Nb6 18. Nb2 Qd5+ 19. f3 f5 20. Qc2 Qb5 21. Nd3 Nd5 22. Nc5 Ne3+ 0-1

[Event "*** Titled Tuesday Blitz"]
[Site "Chess.com"]
[Date "2020.10.20"]
[Round "3"]
[White "niki_2003"]
[Black "QuintilianoR"]
[Result "0-1"]
[WhiteElo "1839"]
[BlackElo "2647"]
[TimeControl "180+1"]
[EndTime "10:25:13 PDT"]
[Termination "QuintilianoR won by checkmate"]

1. d4 Nf6 2. c4 e6 3. Nc3 Bb4 4.
Qc2 c5 5. e3 cxd4 6. exd4 d5 7.
Bg5 O-O 8. Nf3 h6 9. Bxf6 Qxf6 10. cxd5 exd5 11. Bd3 Re8+ 12. Be2 Bf5 13. Qa4 Nc6 14. O-O Bxc3 15. bxc3 Rxe2 16. Qb5 Re7 17. Qxd5 Be4 18. Qc5 Bxf3 19. gxf3 b6 20. Qb5 Rae8 21. d5 Ne5 22. Rad1 Nxf3+ 23. Kg2 Nh4+ 24. Kg1 Qg5+ 25. Kh1 Qg2# 0-1

[Event "*** Titled Tuesday Blitz"]
[Site "Chess.com"]
[Date "2020.10.20"]
[Round "3"]
[White "GAusal"]
[Black "GlennTipton"]
[Result "1-0"]
[WhiteElo "2033"]
[BlackElo "2430"]
[TimeControl "180+1"]
[EndTime "10:25:20 PDT"]
[Termination "GAusal won by checkmate"]

1. d4 Nf6 2. Bf4 g6 3. h4 Bg7 4. h5 Nxh5 5. Rxh5 gxh5 6. e3 c5 7. Qxh5 cxd4 8. Bc4 d5 9. Bxd5 e6 10. Bc4 dxe3 11. Bxe3 Bxb2 12. Qb5+ Nc6 13. Qxb2 Rg8 14. Nd2 Rxg2 15. O-O-O Qa5 16. Bb5 Bd7 17. Qh8+ Ke7 18. Bc5# 1-0

[Event "*** Titled Tuesday Blitz"]
[Site "Chess.com"]
[Date "2020.10.20"]
[Round "3"]
[White "enriquebutti"]
[Black "Chessbard1972"]
[Result "0-1"]
[WhiteElo "1989"]
[BlackElo "2303"]
[TimeControl "180+1"]
[EndTime "10:25:29 PDT"]
[Termination "Chessbard1972 won by resignation"]

1. d4 d5 2. c4 e6 3. Nf3 c5 4.
e3 Nf6 5. a3 a6 6. Nbd2 cxd4 7.
exd4 dxc4 8. Nxc4 b5 9. Nce5 Bb7 10. Bd3 Be7 11. O-O Nbd7 12. Bg5 O-O 13. Re1 Nd5 14.
Qd2 N7f6 15. Rac1 Rc8 16. Bb1 Re8 17. Qd3 g6 18. Nd2 Nh5 19. Qf3 f6 20. Nxg6 hxg6 21. Bxg6 Ndf4 22. Qxb7 Nxg6 0-1

[Event "*** Titled Tuesday Blitz"]
[Site "Chess.com"]
[Date "2020.10.20"]
[Round "3"]
[White "731291"]
[Black "ChristopherYoo"]
[Result "1/2-1/2"]
[WhiteElo "2635"]
[BlackElo "2835"]
[TimeControl "180+1"]
[EndTime "10:25:34 PDT"]
[Termination "Game drawn by repetition"]

1. e4 c6 2. Nc3 d5 3. Nf3 Bg4 4. h3 Bh5 5. d4 e6 6. Bd3 Nf6 7. e5 Nfd7 8. g4 Bg6 9. Bxg6 hxg6 10. Ne2 c5 11. c3 Nc6 12. Kf1 Qb6 13. Kg2 Be7 14. b3 Rc8 15. Bg5 Bxg5 16. Nxg5 cxd4 17. cxd4 Ke7 18. Qd2 Qb4 19. Qf4 Rhf8 20. Nh7 Rh8 21. Ng5 Rhf8 22. Nh7 Rh8 23. Ng5 1/2-1/2

[Event "*** Titled Tuesday Blitz"]
[Site "Chess.com"]
[Date "2020.10.20"]
[Round "3"]
[White "Vyacheslav_N"]
[Black "rugbyclub"]
[Result "1-0"]
[WhiteElo "2418"]
[BlackElo "2200"]
[TimeControl "180+1"]
[EndTime "10:25:40 PDT"]
[Termination "Vyacheslav_N won by resignation"]

1. e4 e6 2. d4 d5 3. Nd2 c5 4. exd5 Qxd5 5. Ngf3 Nc6 6. Bc4 Qd7 7. dxc5 Bxc5 8. O-O a6 9. Qe2 Nf6 10. c3 O-O 11. Bb3 Re8 12. Bc2 b5 13. Ne4 Be7 14. Rd1 Qc7 15. Nxf6+ Bxf6 16. Ng5 g6 17. Nxh7 Kxh7 18. Qh5+ Kg8 19. Bxg6 fxg6 20. Qxg6+ Qg7 21. Qxe8+ Kh7 22. Qh5+ Kg8 23. Bh6 Qf7 24. Qg4+ Kh7 25. Qe4+ Qg6 26. Qxc6 1-0

[Event "*** Titled Tuesday Blitz"]
[Site "Chess.com"]
[Date "2020.10.20"]
[Round "3"]
[White "MalyDominator"]
[Black "TheMagnet"]
[Result "0-1"]
[WhiteElo "2371"]
[BlackElo "2584"]
[TimeControl "180+1"]
[EndTime "10:25:42 PDT"]
[Termination "TheMagnet won by resignation"]

1. e4 c5 2. Nf3 g6 3. c4 Bg7 4.
d4 cxd4 5. Nxd4 Nc6 6. Be3 Nf6 7. Nc3 d6 8. Be2 O-O 9. O-O Bd7 10. Qd2 Nxd4 11. Bxd4 Bc6 12. f3 a5 13. Rab1 Nd7 14.
Be3 Nc5 15. Rfc1 Qb6 16. b3 Rfc8 17. Rc2 h5 18. Qc1 Qd8 19. a3 Kh7 20. b4 axb4 21.
axb4 Na4 22. Nxa4 Rxa4 23. c5 dxc5 24. b5 Bd7 25. Rxc5 Rxc5 26. Qxc5 Be6 27. Rd1 Ra1 28.
Rxa1 Bxa1 29. b6 Qd7 30. Qc7 Bd4 31. Kf2 Bxe3+ 32. Kxe3 Kg7 33. Ba6 Qxc7 34. bxc7 bxa6 0-1

[Event "*** Titled Tuesday Blitz"]
[Site "Chess.com"]
[Date "2020.10.20"]
[Round "3"]
[White "Tenamu"]
[Black "baki83"]
[Result "0-1"]
[WhiteElo "2414"]
[BlackElo "2745"]
[TimeControl "180+1"]
[EndTime "10:25:48 PDT"]
[Termination "baki83 won by resignation"]

1. d4 Nf6 2. Nc3 d5 3. Bf4 a6 4. e3 b5 5. Nf3 e6 6. Ne5 Bb7 7. Bd3 c5 8. Kf1 Nbd7 9. g3 Qb6 10. Be2 Nxe5 11. Bxe5 Nd7 12. Bf4 e5 13. Bg5 h6 14. dxc5 Qxc5 15. Bf3 hxg5 16. Bxd5 Bxd5 17. Nxd5 Nf6 18. Nc3 b4 19. Ne2 Qc6 20. Kg1 Rd8 21. Qc1 Qf3 22. Qe1 Ne4 23. h3 Rd2 0-1

[Event "*** Titled Tuesday Blitz"]
[Site "Chess.com"]
[Date "2020.10.20"]
[Round "3"]
[White "Smile2005"]
[Black "Zhani-Z"]
[Result "0-1"]
[WhiteElo "2341"]
[BlackElo "2531"]
[TimeControl "180+1"]
[EndTime "10:26:00 PDT"]
[Termination "Zhani-Z won by resignation"]

1. Nf3 d5 2. g3 c6 3. Bg2 Bg4 4. O-O e6 5. d3 Bd6 6. Nbd2 Ne7 7.
e4 O-O 8. Re1 Nd7 9. h3 Bh5 10.
g4 Bg6 11. e5 Bc7 12. Nf1 c5 13. Bf4 Nc6 14. h4 f5 15. g5 Bh5 16. Ng3 Bxf3 17. Qxf3 Bxe5 18. Bxe5 Ndxe5 19. Qf4 Ng6 20. Qa4 f4 21. Nh5 Nxh4 22. Nxf4 Qxg5 0-1

[Event "*** Titled Tuesday Blitz"]
[Site "Chess.com"]
[Date "2020.10.20"]
[Round "3"]
[White "Sergey85Rodchenkov"]
[Black "Matols"]
[Result "1-0"]
[WhiteElo "2423"]
[BlackElo "2238"]
[TimeControl "180+1"]
[EndTime "10:26:03 PDT"]
[Termination "Sergey85Rodchenkov won by resignation"]

1. e4 e6 2. d4 d5 3. Nd2 c5 4. Ngf3 cxd4 5. exd5 Qxd5 6. Bc4 Qd6 7. O-O Nf6 8. Nb3 Nc6 9. Nbxd4 Nxd4 10. Nxd4 a6 11.
c3 Qc7 12. Bb3 Bd6 13. h3 O-O 14. Re1 b5 15. Bg5 Bh2+ 16. Kh1 Be5 17. Qe2 Bxd4 18. cxd4 Nd5 19. Bxd5 exd5 20. Rac1 Qd6 21. Be7 Qe6 22. Bxf8 Kxf8 23. Qh5 Qf5 24. Qxf5 Bxf5 25. Rc5 Be6 26. f3 b4 27. Rec1 a5 28. Rc7 g6 29. Kg1 Kg7 30. Kf2 Kf6 31. Rb7 h5 32. h4 g5 33. hxg5+ Kxg5 34. Rc5 Kf6 35. Rbb5 1-0

[Event "*** Titled Tuesday Blitz"]
[Site "Chess.com"]
[Date "2020.10.20"]
[Round "3"]
[White "vinniethepooh"]
[Black "vugarrasulov"]
[Result "0-1"]
[WhiteElo "2558"]
[BlackElo "2857"]
[TimeControl "180+1"]
[EndTime "10:26:04 PDT"]
[Termination "vugarrasulov won by resignation"]

1. d4 Nf6 2. c4 b6 3. Nc3 Bb7 4. Qc2 g6 5. e4 d6 6. Nf3 Bg7 7. Bd3 O-O 8. O-O e6 9. h3 Nbd7 10. Bf4 e5 11. dxe5 dxe5 12. Nxe5 Nh5 13. Nxd7 Nxf4 14.
Nxf8 Qxd3 15. Qxd3 Nxd3 16. Nd7 Rd8 17. Rad1 Nxb2 18.
Nd5 Nxd1 19. Rxd1 Rxd7 20. Nf6+ Bxf6 21. Rxd7 Be5 22. Re7 Bd6 23. Re8+ Kg7 24. e5 Bc6 0-1

[Event "*** Titled Tuesday Blitz"]
[Site "Chess.com"]
[Date "2020.10.20"]
[Round "3"]
[White "ehrenfeld"]
[Black "nitpicker"]
[Result "1-0"]
[WhiteElo "2490"]
[BlackElo "2296"]
[TimeControl "180+1"]
[EndTime "10:26:06 PDT"]
[Termination "ehrenfeld won by resignation"]

1. e4 d5 2. exd5 Qxd5 3. Nc3 Qd8 4. g3 g6 5. Bg2 Bg7 6. Nf3 e5 7. O-O Nc6 8. Re1 Nge7 9. d3 h6 10. Rb1 a5 11. a3 O-O 12. b4 axb4 13. axb4 f6 14.
b5 Nd4 15. Nxd4 exd4 16. Ne4 Nd5 17. Bd2 b6 18. c4 dxc3 19. Nxc3 Bb7 20. Qb3 Qd6 21.
Bxd5+ Bxd5 22. Qxd5+ Qxd5 23. Nxd5 Rad8 24. Nxc7 Rxd3 25.
Be3 Rf7 26. Ne6 1-0

[Event "*** Titled Tuesday Blitz"]
[Site "Chess.com"]
[Date "2020.10.20"]
[Round "3"]
[White "elcandado"]
[Black "Flopezin"]
[Result "1-0"]
[WhiteElo "2572"]
[BlackElo "2361"]
[TimeControl "180+1"]
[EndTime "10:26:15 PDT"]
[Termination "elcandado won by resignation"]

1. d4 Nf6 2. Bf4 e6 3. e3 c5 4. c3 b6 5. Nf3 Bb7 6. Nbd2 Be7 7. h3 O-O 8. Bd3 cxd4 9. cxd4 d5 10.
O-O Nc6 11. a3 Rc8 12. b4 Bd6 13. Bxd6 Qxd6 14. Qb1 h6 15. Rc1 Nd7 16. Qb2 Ne7 17. Ne5 Nxe5 18. dxe5 Qd7 19. Nf3 Rxc1+ 20. Rxc1 Rc8 21.
Nd4 Rxc1+ 22. Qxc1 Qc8 23. Qxc8+ Nxc8 24. f4 Kf8 25. g4 Ke8 26. h4 Kd7 27. h5 Ne7 28. Kf2 a6 29. Kg3 Nc6 30. Nxc6 Kxc6 31. f5 Kd7 32. f6 g5 33. hxg6 fxg6 34. Bxg6 a5 35. Kh4 1-0

[Event "*** Titled Tuesday Blitz"]
[Site "Chess.com"]
[Date "2020.10.20"]
[Round "3"]
[White "FLamps8"]
[Black "RasSanti"]
[Result "0-1"]
[WhiteElo "2483"]
[BlackElo "2288"]
[TimeControl "180+1"]
[EndTime "10:26:22 PDT"]
[Termination "RasSanti won by resignation"]

1. d4 Nf6 2. Bf4 d5 3. Nc3 a6 4. e3 Bf5 5. f3 e6 6. g4 Bg6 7. h4 h5 8. g5 Nfd7 9. Bd3 Bxd3 10.
Qxd3 g6 11. e4 dxe4 12. Nxe4 Bg7 13. Ne2 Nc6 14. O-O-O O-O 15. c3 b5 16. d5 exd5 17. Qxd5 Nde5 18. Qc5 Nd3+ 19. Rxd3 Qxd3 20. Qxc6 Qxe2 21.
Bxc7 Kh8 22. Nd6 Qe6 23. f4 Qe3+ 24. Kb1 Qxf4 25. Ne8 Qf5+ 0-1

[Event "*** Titled Tuesday Blitz"]
[Site "Chess.com"]
[Date "2020.10.20"]
[Round "3"]
[White "barbara25"]
[Black "TudorAnton"]
[Result "1-0"]
[WhiteElo "2282"]
[BlackElo "2473"]
[TimeControl "180+1"]
[EndTime "10:26:22 PDT"]
[Termination "barbara25 won by checkmate"]

1. e4 e5 2. Nf3 Nc6 3. Bc4 a6 4. O-O Nf6 5. d4 Bd6 6. d5 Ne7 7. Bd3 Ng6 8. c4 h6 9. Nc3 b6 10. Re1 Bc5 11. h3 d6 12. a3 O-O 13. b4 Bd4 14.
Nxd4 exd4 15. Ne2 Ne5 16. Nxd4 Bd7 17. f4 Nxd3 18. Qxd3 Re8 19. e5 Nh5 20. e6 fxe6 21. dxe6 Qf6 22. f5 c5 23. Bb2 cxd4 24. exd7 Qg5 25. dxe8=Q+ Rxe8 26. Rxe8+ Kf7 27. Rae1 Nf4 28. R1e7+ Kf6 29. Bxd4# 1-0

[Event "*** Titled Tuesday Blitz"]
[Site "Chess.com"]
[Date "2020.10.20"]
[Round "3"]
[White "AniJak"]
[Black "Savagelittlemole"]
[Result "0-1"]
[WhiteElo "2390"]
[BlackElo "2614"]
[TimeControl "180+1"]
[EndTime "10:26:23 PDT"]
[Termination "Savagelittlemole won by resignation"]

1. e4 c6 2. d4 d5 3. e5 c5 4. dxc5 e6 5. Be3 Nd7 6. Nf3 Bxc5 7. Bxc5 Nxc5 8. Be2 Ne7 9. O-O Ng6 10. Qd4 Qc7 11. c4 dxc4 12. Bxc4 O-O 13. Re1 Rd8 14. Qe3 b6 15.
Nc3 Bb7 16. Nb5 Qe7 17. Rad1 Rxd1 18. Rxd1 Rd8 19. Nd6 Bxf3 20. gxf3 Nb7 21. Qa3 Nxe5 22. Qxa7 Nxc4 23. Nxb7 Rxd1+ 24. Kg2 Qg5+ 25. Kh3 h5 26. Qb8+ Kh7 0-1

[Event "*** Titled Tuesday Blitz"]
[Site "Chess.com"]
[Date "2020.10.20"]
[Round "3"]
[White "AustrianFalcon"]
[Black "cukin84"]
[Result "1-0"]
[WhiteElo "2447"]
[BlackElo "2047"]
[TimeControl "180+1"]
[EndTime "10:26:27 PDT"]
[Termination "AustrianFalcon won by resignation"]

1. e4 c6 2. d4 d5 3. e5 c5 4. Nf3 Nc6 5. dxc5 Bg4 6. c3 e6 7.
Be3 Bxf3 8. Qxf3 Nxe5 9. Bb5+ Nc6 10. O-O Nf6 11. c4 Be7 12. cxd5 Qxd5 13. Qe2 O-O 14. Nc3 Qd7 15. Rad1 Qc7 16. a3 Rad8 17. b4 a6 18. Bd3 Ne5 19. Bf4 Nfd7 20. Bc2 Bf6 21. Ne4 Kh8 22.
Nxf6 gxf6 23. Bxh7 Kxh7 24. Qh5+ Kg7 25. Qh6+ Kg8 26.
Rd3 Ng4 27. Rg3 f5 28. Bxc7 1-0

[Event "*** Titled Tuesday Blitz"]
[Site "Chess.com"]
[Date "2020.10.20"]
[Round "3"]
[White "UKR_Master"]
[Black "KaterynaLagno"]
[Result "0-1"]
[WhiteElo "2458"]
[BlackElo "2685"]
[TimeControl "180+1"]
[EndTime "10:26:30 PDT"]
[Termination "KaterynaLagno won by resignation"]

1. e4 e5 2. Nf3 Nc6 3. Bc4 Nf6 4. d3 Be7 5. h3 O-O 6. c3 d6 7. Bb3 Na5 8. Bc2 c5 9. O-O Nc6 10. Qe2 Re8 11. a4 Bf8 12. Rd1 h6 13. Nbd2 d5 14.
Nf1 g6 15. Ne3 Be6 16. Bd2 Bg7 17. Be1 Qc7 18. Nd2 Rad8 19. exd5 Nxd5 20. Nxd5 Bxd5 21. Nc4 b6 22. Ne3 Be6 23. Nc4 f5 24. f3 Qf7 25.
Bf2 e4 26. Ne3 f4 27. Ng4 e3 28. Be1 h5 29. Nh2 g5 30. Rac1 Na5 31. b4 cxb4 32.
cxb4 Nb3 33. Bxb3 Bxb3 34. Bc3 0-1

[Event "*** Titled Tuesday Blitz"]
[Site "Chess.com"]
[Date "2020.10.20"]
[Round "3"]
[White "Sueetin"]
[Black "xberli"]
[Result "0-1"]
[WhiteElo "2357"]
[BlackElo "2562"]
[TimeControl "180+1"]
[EndTime "10:26:32 PDT"]
[Termination "xberli won by checkmate"]

1. d4 Nf6 2. c4 g6 3. Nc3 d5 4.
cxd5 Nxd5 5. e4 Nxc3 6. bxc3 Bg7 7. Bb5+ Nd7 8. Nf3 O-O 9. O-O a6 10. Be2 c5 11. Rb1 b5 12. d5 Bxc3 13. Bb2 Qa5 14. Qc1 Bxb2 15. Rxb2 Nf6 16. Qh6 Ng4 17. Qh4 Qc3 18.
Ng5 h6 19. Rb3 hxg5 20. Qxg5 Qe5 21. Qc1 Qxh2# 0-1

[Event "*** Titled Tuesday Blitz"]
[Site "Chess.com"]
[Date "2020.10.20"]
[Round "3"]
[White "Colombiano07"]
[Black "erlesfar"]
[Result "0-1"]
[WhiteElo "2221"]
[BlackElo "2499"]
[TimeControl "180+1"]
[EndTime "10:26:33 PDT"]
[Termination "erlesfar won by resignation"]

1. c4 g6 2. g3 Bg7 3. Bg2 e6 4. e4 Ne7 5. Nc3 O-O 6. Nge2 Nbc6 7. O-O d5 8. exd5 exd5 9. Nxd5 Nxd5 10. cxd5 Nb4 11.
Nc3 Bf5 12. a3 Nc2 13. Ra2 Nd4 14. d3 Qd7 15. Be3 Bg4 16. f3 Bh3 17. b4 Rae8 18. Ne4 Bxg2 19. Kxg2 f5 20. Nc5 Qxd5 21. Bxd4 Qxa2+ 22. Rf2 Qd5 23. Bxg7 Kxg7 24. Na4 b6 25. d4 Re3 26.
Qd2 Rfe8 27. Nc3 Qc4 0-1

[Event "*** Titled Tuesday Blitz"]
[Site "Chess.com"]
[Date "2020.10.20"]
[Round "3"]
[White "FredyMatsuura"]
[Black "GelmanAlexander"]
[Result "1/2-1/2"]
[WhiteElo "2384"]
[BlackElo "2594"]
[TimeControl "180+1"]
[EndTime "10:26:38 PDT"]
[Termination "Game drawn by repetition"]

1. d4 Nf6 2. c4 c5 3. d5 b5 4. Nf3 b4 5. Nbd2 g6 6. e4 Bg7 7.
Bd3 d6 8. O-O O-O 9. h3 e5 10.
dxe6 fxe6 11. e5 dxe5 12. Nxe5 Bb7 13. Qe2 Nbd7 14. Ndf3 Nxe5 15. Nxe5 Nh5 16. Be4 Qc7 17. Bxb7 Qxb7 18. Re1 Rad8 19. Bg5 Rde8 20. Rad1 Nf4 21.
Bxf4 Rxf4 22. Rd7 Qc8 23. Rxa7 Ref8 24. Nf3 R4f6 25. b3 Kh8 26. Re7 Qd8 27. Rxe6 Rxf3 28.
gxf3 Qg5+ 29. Kh1 Qf5 30. Kg2 Qg5+ 31. Kh2 Qf4+ 32. Kg2 Qg5+ 33. Kh1 Qf5 34. Kg2 Qg5+ 1/2-1/2